AoeStats
← zamithdaniel

Black Forest

505586597Analyzed
3v3 RM · 23d ago on Sep 10, 2026· 53m 6s· 6 players
Game mode
Random Map
Map size
Normal (6 player)
Population
200
Speed
Normal
Resources
Standard
Victory
Conquest
Starting age
Dark Age
Ending age
Imperial Age
RankedLock teamsTeams togetherTeam positionsShared explorationLock speedFull tech treeHidden civsTurbo modeCheats
Victory
Defeat
🇨🇴 Britons · Colombia
847
+14
🇨🇴 Turks · Colombia
838
+14
🇨🇴 Persians · Colombia
756
+18
🇨🇱 Goths · Chile
836
-17
🇵🇷 Malay · Puerto Rico
809
-16
🇨🇱 Mongols · Chile
745
-13
claudio.morales
10:19 Feudal Age
10:34 Loom
11:19 Double-Bit Axe
11:20 Horse Collar
20:06 Castle Age
21:53 Bow Saw
27:02 Wheelbarrow
26:13 Town Watch
28:19 Fletching
28:41 Heavy Plow
29:22 Bloodlines
29:13 Husbandry
31:13 Bodkin Arrow
35:40 Imperial Age
33:18 Padded Archer Armor
34:04 Light Cavalry
35:04 Nomads
35:31 Leather Archer Armor
35:38 Ballistics
35:15 Murder Holes
35:53 Thumb Ring
37:07 Conscription
36:08 Elite Mangudai
36:23 Hussar
37:09 Bracer
37:20 Forging
37:16 Scale Barding Armor
37:41 Hand Cart
37:28 Town Patrol
37:10 Elite Skirmisher
39:03 Chemistry
40:23 Iron Casting
40:09 Chain Barding Armor
42:44 Hoardings
43:17 Blast Furnace
42:50 Heavy Camel Rider
17
10:55 Feudal Age
17:12 Castle Age
16:36 Double-Bit Axe
17:40 Horse Collar
17:50 Loom
22:37 Wheelbarrow
23:28 Heavy Plow
26:30 Fletching
31:13 Imperial Age
29:35 Bow Saw
30:04 Hand Cart
31:01 Stone Mining
31:02 Gold Mining
33:07 Scale Mail Armor
33:07 Padded Archer Armor
33:03 Bodkin Arrow
33:18 Forging
36:30 Chemistry
35:51 Ballistics
38:29 Crop Rotation
38:35 Elite Huskarl
39:44 Conscription
39:25 Anarchy
40:57 Stone Shaft Mining
40:36 Squires
41:18 Perfusion
44:43 Elite Skirmisher
45:53 Onager
48:25 Chain Mail Armor
48:25 Leather Archer Armor
48:16 Scale Barding Armor
48:47 Iron Casting
48:13 Bracer
50:36 Husbandry
50:47 Bloodlines
49:57 Light Cavalry
danielrojaslaw
0:28 Loom
13:20 Feudal Age
14:08 Wheelbarrow
13:44 Horse Collar
13:52 Double-Bit Axe
19:04 Gold Mining
22:52 Castle Age
24:30 Heavy Plow
24:44 Bow Saw
25:13 Gold Shaft Mining
24:29 Stone Mining
29:10 Caravan
31:08 Hand Cart
33:43 Stone Shaft Mining
36:35 Imperial Age
35:15 Thalassocracy
35:30 Forging
35:25 Scale Barding Armor
35:11 Fletching
35:21 Padded Archer Armor
37:08 Iron Casting
36:42 Forced Levy
37:06 Conscription
36:40 Man-at-Arms
36:40 Pikeman
37:21 Squires
37:06 Arson
38:27 Bodkin Arrow
38:47 Leather Archer Armor
38:24 Elite Battle Elephant
40:14 Long Swordsman
40:14 Halberdier
40:19 Elite Karambit Warrior
42:46 Blast Furnace
41:46 Bracer
42:16 Ring Archer Armor
41:57 Husbandry
41:22 Two-Handed Swordsman
44:59 Ring Archer Armor
zamithdaniel
10:58 Feudal Age
11:31 Double-Bit Axe
11:42 Horse Collar
17:02 Loom
21:30 Castle Age
22:46 Bow Saw
22:47 Heavy Plow
26:16 Wheelbarrow
28:33 Gold Mining
28:37 Stone Mining
32:54 Imperial Age
31:15 Hand Cart
31:34 Caravan
32:42 Padded Archer Armor
32:53 Forging
32:49 Scale Barding Armor
33:10 Town Watch
35:33 Iron Casting
35:15 Leather Archer Armor
36:21 Artillery
37:28 Gold Shaft Mining
36:16 Elite Janissary
39:38 Conscription
39:35 Bloodlines
39:25 Husbandry
40:27 Ring Archer Armor
40:58 Blast Furnace
40:19 Chain Barding Armor
40:31 Ballistics
40:22 Fortified Wall
46:25 Plate Barding Armor
50:00 Scale Mail Armor
49:50 Fletching
Griffith
12:49 Feudal Age
19:56 Castle Age
28:44 Wheelbarrow
36:10 Imperial Age
35:06 Scale Barding Armor
35:15 Forging
35:27 Bloodlines
35:17 Husbandry
35:40 Hand Cart
35:11 Loom
36:20 Chain Barding Armor
35:54 Cavalier
37:15 Conscription
36:48 Horse Collar
36:56 Double-Bit Axe
38:15 Plate Barding Armor
38:23 Iron Casting
38:25 Heavy Plow
38:39 Bow Saw
39:25 Savar
44:00 Gold Mining
54:00 Blast Furnace
Dovahkyn
5:08 Loom
11:42 Feudal Age
18:15 Castle Age
16:09 Double-Bit Axe
20:26 Wheelbarrow
19:51 Horse Collar
25:15 Town Watch
27:02 Heavy Plow
27:03 Gold Mining
29:07 Fletching
29:18 Padded Archer Armor
29:57 Bow Saw
30:32 Bodkin Arrow
30:53 Leather Archer Armor
31:34 Caravan
31:14 Elite Skirmisher
32:38 Hand Cart
33:06 Forging
32:59 Scale Mail Armor
32:53 Stone Mining
33:46 Fortified Wall
33:56 Ballistics
33:17 Treadmill Crane
34:07 Crossbowman
39:57 Imperial Age
38:37 Iron Casting
40:08 Gold Shaft Mining
40:27 Yeomen
40:35 Masonry
40:23 Murder Holes
41:51 Chemistry
40:46 Arbalester
41:13 Elite Longbowman
42:13 Conscription
42:35 Architecture
42:11 Bracer
42:41 Ring Archer Armor
43:12 Blast Furnace
42:54 Warwolf
42:21 Onager
52:40 Spies/Treason
Connection lost

Rejoining the realm…

Still unreachable

The connection could not be restored.

Session expired

The server has moved on; the page needs a fresh start.